Map: Ruins of Endion

Players

capac - Winner!

  • Race: Terran Terran
  • League: Gold

BigFoot

  • Race: Zerg Zerg
  • League: Silver

VOD

Have the link to the VOD?

Description

Time

  • Played on: April 10, 2016, 1:43 p.m.
  • Length: 8:58
Show
View Real Time Build Order
Export as new Build Order

capac Terran - Winner!

Build Orders: Reaper Expand 

Get SALT Encoding   

  12  0:00  SCV  
  13  0:13  SCV  
  14  0:19  Supply Depot  
  14  0:25  SCV  
  15  0:40  SCV  
  15  0:42  Barracks  
  16  0:50  Refinery  
  16  0:52  SCV  
  17  1:04  SCV  
  18  1:17  SCV  
  19  1:31  Orbital Command  
  19  1:35  Reaper  
  20  1:50  Command Center  
  20  1:57  Supply Depot  
  20  1:58  SCV  
  21  2:07  Barracks Reactor  
  21  2:11  SCV  
  22  2:20  Barracks  
  22  2:23  SCV  
  23  2:30  Factory  
  23  2:43  SCV  
  24  2:44  Marine x2  
  26  2:54  Refinery  
  26  2:55  SCV  
  27  3:02  Marine x2  
  27  3:03  Orbital Command  
  29  3:08  Barracks Tech Lab  
  29  3:10  Barracks  
  29  3:17  Starport  
  29  3:20  Marine  
  30  3:29  Marine x2  
  30  3:32  Factory Tech Lab  
  32  3:40  Marine  
  32  3:47  SCV  
  32  3:48  SCV  
  34  3:54  Medivac  
  36  4:03  SCV  
  36  4:04  SCV  
  36  4:07  Marine x2  
  36  4:08  Barracks Reactor  
  40  4:13  Engineering Bay  
  40  4:17  SCV x2  
  40  4:18  Engineering Bay  
  40  4:19  Marine  
  40  4:20  Stimpack  
  43  4:25  Refinery  
  43  4:29  Starport Reactor  
  43  4:31  SCV  
  43  4:32  SCV  
  43  4:35  Refinery  
  45  4:41  Supply Depot  
  45  4:43  Supply Depot, SCV  
  46  5:03  Marine x4, Siege Tank, SCV  
  46  5:04  Marine  
  46  5:05  SCV  
  56  5:10  Supply Depot  
  56  5:15  SCV, Medivac  
  56  5:17  SCV  
  60  5:23  Barracks  
  60  5:28  SCV  
  60  5:29  SCV  
  62  5:36  Siege Tank  
  62  5:37  Marine  
  62  5:38  Marine x4  
  62  5:41  Supply Depot  
  70  5:45  Terran Infantry Weapons Level 1, Terran Infantry Armor Level 1  
  70  5:48  SCV x2  
  72  6:02  SCV x2  
  74  6:04  Marine x2  
  74  6:05  Marine x3  
  74  6:08  Supply Depot  
  79  6:14  SCV x2  
  81  6:23  Marine x5  
  82  6:43  Liberator  
  82  6:58  Marine x2  
  82  6:59  Marine x3  
  82  7:00  Siege Tank  
  93  7:02  SCV x2  
  94  7:12  Barracks Reactor  
  94  7:14  Barracks  
  94  7:21  Supply Depot  
  94  7:23  Liberator  
  94  7:35  Marine  
  94  7:36  Marine x2  
  94  7:37  Marine  
  88  7:54  Marine x3  
  88  7:55  Marine x2  
  91  8:17  Marine x5  
  91  8:19  Siege Tank  
  98  8:21  Barracks Reactor  
  98  8:23  Marine x2  
  100  8:35  Marine x2  
  100  8:38  Command Center  
Show
View Real Time Build Order
Export as new Build Order

BigFoot Zerg 

Build Orders: Pool First 

Get SALT Encoding   

  12  0:03  Drone  
  13  0:12  Drone  
  14  0:19  Overlord  
  14  0:37  Drone x3  
  14  0:42  Extractor  
  16  0:51  Drone  
  16  0:54  Spawning Pool  
  16  0:59  Drone  
  17  1:10  Drone  
  18  1:25  Hatchery  
  18  1:26  Drone  
  18  1:38  Drone  
  19  1:43  Drone  
  20  1:49  Queen  
  20  1:52  Metabolic Boost  
  22  1:58  Overlord  
  22  2:18  Drone  
  22  2:20  Drone  
  24  2:28  Queen  
  26  2:33  Drone  
  27  2:40  Queen  
  27  2:44  Zergling x4  
  31  2:51  Extractor  
  30  2:58  Drone  
  30  2:59  Drone x4  
  36  3:20  Overlord, Drone  
  36  3:25  Overlord  
  36  3:31  Lair  
  36  3:38  Queen  
  36  3:39  Roach Warren  
  37  3:45  Drone x3  
  37  3:46  Drone x4  
  44  4:08  Drone x4  
  48  4:11  Spore Crawler  
  48  4:14  Spore Crawler  
  46  4:26  Extractor  
  46  4:27  Extractor  
  44  4:34  Roach  
  44  4:35  Roach x3  
  44  4:37  Glial Reconstitution  
  52  4:42  Spire  
  51  4:49  Spore Crawler  
  50  4:53  Spine Crawler  
  50  4:56  Drone x3  
  52  5:00  Overlord x2  
  52  5:20  Hatchery  
  51  5:36  Drone x4  
  51  5:38  Drone x2  
  51  5:39  Drone  
  51  5:41  Drone x2  
  60  5:43  Overlord x2  
  60  5:50  Overseer  
  60  5:52  Pneumatized Carapace  
  60  6:12  Extractor  
  60  6:14  Extractor, Drone  
  60  6:15  Drone x2  
  60  6:16  Drone  
  60  6:17  Drone x2  
  65  6:18  Drone x2  
  65  6:19  Drone x3  
  67  6:40  Roach x4  
  67  7:07  Roach x8  
  79  7:25  Overlord x3  
  59  7:48  Roach  
  59  7:49  Roach x6  
  59  7:50  Roach x3  
  66  8:04  Mutalisk x2  
  70  8:22  Mutalisk x4  
  78  8:33  Hatchery  
  77  8:35  Extractor  
  77  8:37  Extractor  
Tags
 
Add a new tag
Caveats
  • Supply blocks, unpowered buildings, or Contaminate may cause inaccurate times.
  • Supply counts are checked every 10 seconds.